 Dungeon Crawl Stone Soup version 0.23-a0-667-gc184e93 (webtiles) character file.

928 Blackhawk the Poker (level 8, -3/64 HPs)
             Began as a Merfolk Monk on Jan 8, 2019.
             Slain by an orc warrior
             ... wielding a +0 halberd
              (22 damage)
             ... on level 3 of the Dungeon.
             The game lasted 00:07:02 (4779 turns).

Blackhawk the Poker (Merfolk Monk)                  Turns: 4779, Time: 00:07:03

Health: -3/64      AC:  2    Str: 13    XL:     8   Next: 11%
Magic:  8/8        EV: 14    Int:  9    God:
Gold:   147        SH:  7    Dex: 17    Spells: 7/7 levels left

rFire    . . .     SeeInvis .   d - +1 dagger (venom)
rCold    . . .     Gourm    .   r - +0 shield
rNeg     . . .     Faith    .   b - +0 robe
rPois    .         Spirit   .   (no helmet)
rElec    .         Reflect  .   (no cloak)
rCorr    .         Harm     .   (no gloves)
MR       .....                  (no boots)
Stlth    +++.......             (no amulet)
HPRegen  0.20/turn              (no ring)
MPRegen  0.11/turn              (no ring)

@: no status effects
A: change form in water, swift swim, stealthy swim
a: no special abilities


You were on level 3 of the Dungeon.
You were not hungry.

You visited 1 branch of the dungeon, and saw 4 of its levels.

You collected 147 gold pieces.

Inventory:

Hand Weapons
 a - a +0 spear
 d - a +1 dagger of venom (weapon)
Armour
 b - a +0 robe (worn)
 r - a +0 shield (worn)
Jewellery
 u - an uncursed amulet of magic regeneration {unknown}
Wands
 h - a wand of iceblast (11)
Scrolls
 f - a scroll of blinking {unknown}
 i - a scroll of teleportation {unknown}
 j - 3 scrolls of fear {unknown}
 o - a scroll of immolation {unknown}
 p - 2 scrolls of identify {unknown}
 q - a scroll of remove curse {unknown}
Potions
 e - a potion of mutation {unknown}
 g - 2 potions of curing {unknown}
 l - a potion of lignification {unknown}
 m - a potion of haste {unknown}
 n - a potion of magic {unknown}
 s - a potion of ambrosia {unknown}
 t - a potion of flight {unknown}
 v - a potion of brilliance {unknown}
Comestibles
 c - 9 rations
 k - 2 chunks of flesh


   Skills:
 + Level 5.9 Fighting
 + Level 7.8 Polearms
 + Level 2.5 Armour
 + Level 7.1 Dodging
 - Level 3.5 Stealth


You had 7 spell levels left.
You didn't know any spells.
Your spell library was empty.

Dungeon Overview and Level Annotations

Branches:
Dungeon (4/15)
 Temple: D:4-7

Altars:
Cheibriados
Fedhas
Trog
Zin


Message History

You climb upwards.
There is a stone staircase leading down, spattered with blood here.
You start resting.
Some of the chunks of flesh in your inventory have rotted away. x2
HP restored.
You climb downwards.
The orc warrior hits you with a +0 halberd!
The orc warrior hits you with a +0 halberd!!
There is a stone staircase leading up, spattered with blood here.
The orc priest looks encouraged for a moment.
You climb upwards.
There is a stone staircase leading down, spattered with blood here.
You closely miss the orc warrior. You block the orc warrior's attack.
You hit the orc warrior but do no damage.
The orc warrior is poisoned.
The orc warrior hits you with a +0 halberd!
* * * LOW HITPOINT WARNING * * *
You closely miss the orc warrior.
The orc warrior hits you with a +0 halberd!!
You die...

##### ....# #### ###.##### #.)#
........# #..# ####....#### #..#
#####......####).#
....#.#.......##.## ###
....#..##...#[(.[.## #.#
.........#....##@..# ##.#
.......#...##..o...# #..#
....#..###...##.#.[##########..#
....#..#####)............##....#
..........#####.............##.#
#####..#.....####........#..##.#
##...###.###.........#.....## #
##............#####........#
#####
##.###...##..........###.##


You could see an orc warrior.

Vanquished Creatures
  Pikel (D:3)
  3 slaves (D:3)
  A centaur (D:3)
  A crocodile (D:3)
  A water moccasin skeleton (D:2)
  An orc priest (D:3)
  2 orc wizards (D:3)
  Terence (D:2)
  2 river rats (D:3)
  4 adders (D:3)
  4 worms
  2 dart slugs (D:1)
  2 leopard geckos (D:3)
  12 orcs
  2 ball pythons
  7 giant cockroaches
  9 goblins
  5 hobgoblins
  6 jackals
  9 kobolds
  3 quokkas
  6 bats
  A frilled lizard (D:2)
  9 rats
94 creatures vanquished.

Vanquished Creatures (others)
  A wizard (D:3)
1 creature vanquished.

Grand Total: 95 creatures vanquished

Notes
Turn   | Place    | Note
-------+----------+-------------------------------------------
     0 | D:1      | Blackhawk the Merfolk Monk began the quest for the Orb.
     0 | D:1      | Reached XP level 1. HP: 18/18 MP: 1/1
   160 | D:1      | Reached XP level 2. HP: 19/24 MP: 2/2
   876 | D:1      | Reached XP level 3. HP: 29/29 MP: 3/3
  1715 | D:2      | Reached skill level 5 in Polearms
  1715 | D:2      | Reached XP level 4. HP: 13/37 MP: 4/4
  2526 | D:2      | Found a blossoming altar of Fedhas.
  2559 | D:2      | Noticed Terence
  2565 | D:2      | Killed Terence
  2565 | D:2      | Reached skill level 5 in Dodging
  2565 | D:2      | Reached XP level 5. HP: 42/42 MP: 5/5
  2749 | D:2      | Found a glowing silver altar of Zin.
  2929 | D:3      | Noticed a centaur
  2947 | D:3      | Killed a centaur
  3235 | D:3      | Noticed a crocodile
  3256 | D:3      | Killed a crocodile
  3256 | D:3      | Reached skill level 1 in Armour
  3256 | D:3      | Reached XP level 6. HP: 49/49 MP: 6/6
  3603 | D:3      | Found a snail-covered altar of Cheibriados.
  3975 | D:3      | Reached skill level 5 in Fighting
  4012 | D:3      | Found a bloodstained altar of Trog.
  4039 | D:3      | Reached XP level 7. HP: 40/56 MP: 7/7
  4445 | D:3      | Noticed a wizard
  4448 | D:3      | Killed a wizard
  4496 | D:4      | Noticed Pikel
  4654 | D:3      | Killed Pikel
  4654 | D:3      | Reached XP level 8. HP: 62/64 MP: 8/8
  4779 | D:3      | Slain by an orc warrior

Vault maps used:
D:1:      evilmike_arrival_plus
D:2:      zin_scriptorium, chequers_mini_garden, fedhas_altar_1, uniq_terence
D:3:      cheibriados_altar_1, first_ration, lightli_sewer_entry_pipes,
          trog_wizard
D:4:      lemuel_coloured_pillars_altar, kennysheep_little_box,
          makhleb_blood_cavern_becter, old_standard_altar, uniq_pikel

Skill      XL: |  1  2  3  4  5  6  7 |
---------------+----------------------+-----
Polearms       | 5 6 7 |  7.8
Stealth        | 3 |  3.5
Fighting       | 4 5 |  5.9
Dodging        | 5 6 7 |  7.1
Armour         | 1 2 |  2.5

Action                   |  1- 3 |  4- 6 |  7- 9 || total
-------------------------+-------+-------+-------++-------
Melee: Spear             |    85 |       |       ||    85
       Dagger            |    17 |   159 |    73 ||   249
       Tailslap          |       |     8 |       ||     8
       Unarmed           |       |       |     8 ||     8
 Stab: Sleeping          |     3 |    16 |     1 ||    20
  Eat: Ration            |     1 |       |       ||     1
       Chunk             |       |     6 |     3 ||     9
Armor: Robe              |     7 |    12 |     5 ||    24
Dodge: Dodged            |    51 |   146 |    66 ||   263
Block: Shield            |       |    22 |    33 ||    55

Table legend:
 A = Non-vault XP
 B = Vault XP
 C = Vault XP percentage of total XP
 D = Non-vault monster count
 E = Vault monster count
 F = Vault count percentage of total count
                 A         B        C        D         E       F
            +---------+---------+-------+---------+---------+-------
      Total |     554 |     772 |  58.2 |      77 |      14 |  15.4
            +---------+---------+-------+---------+---------+-------
        D:1 |      37 |       0 |   0.0 |      19 |       0 |   0.0
        D:2 |     122 |      36 |  22.8 |      26 |       1 |   3.7
        D:3 |     390 |     736 |  65.4 |      30 |      13 |  30.2
        D:4 |       5 |       0 |   0.0 |       2 |       0 |   0.0
            +---------+---------+-------+---------+---------+-------
